 Dungeon Crawl Stone Soup version 0.15.0-27-gbdb0435 (webtiles) character file.

179 Kashira the Magician (level 5, -1/43 HPs)
             Began as a Naga Wizard on Sept 11, 2014.
             Was a Follower of Cheibriados.
             Killed from afar by an orc wizard (7 damage)
             ... with a puff of flame
             ... on Level 3 of the Dungeon.
             The game lasted 00:14:06 (3598 turns).

Kashira the Magician (Naga Wizard)                  Turns: 3598, Time: 00:14:06

HP  -1/43        AC  3     Str 12      XL: 5   Next: 59%
MP   0/14        EV 10     Int 26      God: Cheibriados [*.....]
Gold 115         SH  0     Dex 11      Spells:  5 memorised,  2 levels left

rFire  . . .     SeeInvis +     e - +0 mace
rCold  . . .     Clarity  .     a - +0 robe
rNeg   . . .     rCorr    .     (no shield)
rPois  +         rRot     .     b - +1 hat
rElec  .         Spirit   .     (no cloak)
SustAb .         Warding  .     (no gloves)
rMut   .         Stasis   .     (no barding)
Gourm  .                        (no amulet)
MR     .....                    (no ring)
                                (no ring)

@: brilliant, short of breath, very slow, not resistant to hostile enchantments,
unstealthy
A: spit poison, see invisible, deformed body, poison resistance, slowness 2, AC
+1
a: Spit Poison, Bend Time, Renounce Religion


You were on level 3 of the Dungeon.
You worshipped Cheibriados.
Cheibriados was aware of your devotion.
You were not hungry.

You visited 1 branch of the dungeon, and saw 3 of its levels.

You collected 115 gold pieces.

Inventory:

Hand weapons
 e - a +0 mace (weapon)
Armour
 a - a +0 robe (worn)
 b - a +1 hat (worn)
Comestibles
 d - 4 bread rations
 l - a meat ration
Scrolls
 g - a scroll of fog
 h - a scroll of remove curse
 k - 6 scrolls of identify
Potions
 f - a potion of curing
Books
 c - a book of Minor Magic

   Spells                             Type                      Level
   *Magic Dart                        Conjuration                  1
   *Blink                             Translocation                2
   Call Imp                           Summoning                    2
   *Repel Missiles                    Charms/Air                   2
   Slow                               Hexes                        2
   *Conjure Flame                     Conjuration/Fire             3
   *Mephitic Cloud                    Conjuration/Poison/Air       3


   Skills:
 + Level 0.4 Fighting
 + Level 2.0 Dodging
 - Level 3.0 Stealth
 + Level 4.7 Spellcasting
 + Level 2.6 Conjurations
   Level 1.0 Summonings
 + Level 1.0 Translocations
 + Level 0.2 Air Magic
 + Level 1.0 Poison Magic


You had 2 spell levels left.
You knew the following spells:

 Your Spells              Type           Power        Failure   Level  Hunger
a - Magic Dart            Conj           ####         1%          1    None
b - Mephitic Cloud        Conj/Pois/Air  ####....     2%          3    ##.....
c - Conjure Flame         Conj/Fire      ####....     1%          3    ##.....
d - Blink                 Tloc           N/A          1%          2    None
e - Repel Missiles        Chrm/Air       ###...       1%          2    None


Dungeon Overview and Level Annotations

Branches:
Dungeon (3/15)

Altars:
Cheibriados
Dithmenos
Elyvilon
Makhleb
Yredelemnul


Innate Abilities, Weirdness & Mutations

You cannot wear boots.
You can spit poison.
Your serpentine skin is tough (AC +1).
You have supernaturally acute eyesight.
Armour fits poorly on your strangely shaped body.
Your system is resistant to poisons.
You cover ground very slowly.


Message History

Aiming: Magic Dart
Press: ? - help, Shift-Dir - straight line, f - orc priest, p - orc wizard
Aim: an orc priest, wielding a flail The magic dart hits the orc priest.
The orc priest is lightly wounded.
The orc wizard hits you with a dagger.
You hit the orc priest.
The orc priest is moderately wounded.
The orc priest hits you with a flail.
The orc wizard casts a spell.
The orc wizard seems to speed up.
You barely miss the orc priest.
The orc priest is moderately wounded.
The orc wizard hits you with a dagger.
The orc priest invokes the aid of Beogh against you.
Something smites you!
* * * LOW HITPOINT WARNING * * *
The orc wizard casts a spell at you. The puff of flame hits you!
You die...

#.# ...########.##
........(.....#
♣♣♣♣≈♣##.######
♣≈≈♣≈≈P≈#.#
≈P≈≈P≈P≈♣#.#
Z≈g≈≈P≈P≈P#%##
P≈≈≈≈≈≈≈≈≈≈≈oo##
≈P≈≈≈P≈o≈≈≈≈♣@.##
≈P≈≈≈≈♣§..≈≈♣...#
≈≈≈o§.≈§§§.≈.....#
.o.).§§§§o.......#
...o...§§§..P≈P♣##
..≈P..≈§≈≈≈≈♣♣♣
.♣≈o≈≈≈≈≈≈≈♣♣
#♣≈≈≈P♣≈≈≈≈#
$.♣♣♣♣♣♣♣♣##


You could see an orc priest and an orc wizard.

Vanquished Creatures
  A hound (D:2)
  5 adders
  A worm (D:2)
  5 giant geckos
  8 orcs (D:3)
  6 giant cockroaches
  15 goblins
  11 hobgoblins
  2 jackals (D:1)
  3 kobolds
  2 quokkas (D:3)
  A ball python (D:2)
  8 bats
  3 giant newts
  8 rats
79 creatures vanquished.

Notes
Turn   | Place    | Note
--------------------------------------------------------------
     0 | D:1      | Kashira, the Naga Wizard, began the quest for the Orb.
     0 | D:1      | Reached XP level 1. HP: 15/15 MP: 4/4
   213 | D:1      | Reached XP level 2. HP: 22/22 MP: 0/6
   536 | D:1      | Reached XP level 3. HP: 28/28 MP: 0/8
  1657 | D:2      | Reached skill level 4 in Spellcasting
  1662 | D:2      | Learned a level 3 spell: Mephitic Cloud
  1674 | D:1      | Learned a level 3 spell: Conjure Flame
  1677 | D:1      | Learned a level 2 spell: Blink
  1948 | D:2      | Reached XP level 4. HP: 33/37 MP: 2/11
  2269 | D:2      | Reached XP level 5. HP: 27/43 MP: 0/13
  2854 | D:2      | Found a burning altar of Makhleb.
  2868 | D:3      | Found a snail-covered altar of Cheibriados.
  2890 | D:3      | Found a shadowy altar of Dithmenos.
  2890 | D:3      | Found a basalt altar of Yredelemnul.
  2891 | D:3      | Found a white marble altar of Elyvilon.
  2900 | D:3      | Became a worshipper of Cheibriados the Contemplative
  2904 | D:3      | Learned a level 2 spell: Repel Missiles
  3220 | D:3      | Reached skill level 1 in Poison Magic
  3598 | D:3      | Killed from afar by an orc wizard

Action                   |  1- 3 |  4- 6 || total
-------------------------+-------+-------++-------
Melee: Unarmed           |     4 |       ||     4
       Dagger            |     5 |     6 ||    11
       Mace              |       |     2 ||     2
 Cast: Magic Dart        |    90 |    87 ||   177
       Mephitic Cloud    |     2 |     6 ||     8
       Repel Missiles    |       |     1 ||     1
 Abil: Spit Poison       |    29 |    32 ||    61
  Use: Scroll            |     3 |     5 ||     8
       Potion            |       |     3 ||     3
  Eat: Chunk             |     3 |     7 ||    10
       Royal jelly       |       |     1 ||     1
